AoeStats
← DanielMorfeo

Hideout

509674504Analyzed
1v1 RM · 5d ago on Sep 27, 2026· 38m 47s· 2 players
Game mode
Random Map
Map size
Tiny (2 player)
Population
200
Speed
Normal
Resources
Standard
Victory
Conquest
Starting age
Dark Age
Ending age
Imperial Age
RankedLock teamsTeams togetherTeam positionsShared explorationLock speedFull tech treeHidden civsTurbo modeCheats
Victory
Defeat
🇨🇴 Teutons · Colombia
810
+18
🇨🇿 Portuguese · Czechia
847
-18
DanielMorfeo
0:34 Loom
14:02 Feudal Age
14:40 Gold Mining
14:38 Double-Bit Axe
14:36 Horse Collar
20:33 Castle Age
20:55 Stone Mining
22:42 Wheelbarrow
22:10 Heavy Plow
22:38 Bow Saw
25:58 Fletching
29:49 Ballistics
33:59 Imperial Age
32:12 Bodkin Arrow
32:28 Forging
32:24 Scale Barding Armor
33:39 Masonry
33:58 Bloodlines
34:13 Hand Cart
35:07 Stone Shaft Mining
35:25 Iron Casting
35:13 Scale Mail Armor
35:15 Padded Archer Armor
36:35 Two-Man Saw
36:39 Conscription
36:43 Fortified Wall
38:29 Chemistry
37:34 Siege Engineers
37:32 Cavalier
39:42 Crenellations
WasiliusMagnus
7:44 Loom
11:38 Feudal Age
15:47 Castle Age
15:23 Double-Bit Axe
22:46 Bloodlines
27:40 Fletching
29:13 Bodkin Arrow
30:58 Gold Mining
34:56 Ballistics
34:59 Husbandry
40:45 Imperial Age
Connection lost

Rejoining the realm…

Still unreachable

The connection could not be restored.

Session expired

The server has moved on; the page needs a fresh start.